 Dungeon Crawl Stone Soup version 0.22.1-2-g9c5b331383 (webtiles) character file.

53 Knorrr the Digger (level 3, 0/19 HPs)
             Began as a Gargoyle Earth Elementalist on Dec 31, 2018.
             Slain by a worker ant (6 damage)
             ... on level 2 of the Dungeon.
             The game lasted 00:15:58 (1763 turns).

Knorrr the Digger (Gargoyle Earth Elementalist)     Turns: 1763, Time: 00:15:59

Health: 0/19       AC:  6    Str: 11    XL:     3   Next: 87%
Magic:  4/6        EV: 11    Int: 15    God:
Gold:   100        SH:  3    Dex: 11    Spells: 4/7 levels left

rFire    . . .     SeeInvis .   h - +0 spear
rCold    + . .     Gourm    .   a - +0 buckler
rNeg     + . .     Faith    .   j - +0 leather armour
rPois    ∞         Spirit   .   (no helmet)
rElec    +         Reflect  .   (no cloak)
rCorr    .         Harm     .   (no gloves)
MR       .....                  (no boots)
Stlth    ++........             (no amulet)
HPRegen  0.06/turn              c - ring of protection from cold
MPRegen  0.10/turn              (no ring)

@: no status effects
A: negative energy resistance 1, electricity resistance, unbreathing,
petrification resistance, rot immunity, AC +3
a: no special abilities


You were on level 2 of the Dungeon.
You were not hungry.

You visited 1 branch of the dungeon, and saw 2 of its levels.

You collected 100 gold pieces.

Inventory:

Hand Weapons
 h - a +0 spear (weapon)
Missiles
 b - 33 stones (quivered)
Armour
 a - a +0 buckler (worn)
 j - a +0 leather armour (worn)
Jewellery
 c - a ring of protection from cold (left hand)
Scrolls
 e - 3 scrolls of identify
 g - a scroll of enchant weapon {unknown}
Comestibles
 d - 3 rations
 f - 4 chunks of flesh


   Skills:
 * Level 0.2 Fighting
 + Level 0.3 Polearms
 + Level 0.4 Armour
 * Level 2.0 Dodging
 + Level 2.4 Stealth
 + Level 2.6 Spellcasting
 + Level 0.8 Transmutations
 + Level 4.3 Earth Magic


You had 4 spell levels left.
You knew the following spells:

 Your Spells              Type           Power        Failure   Level  Hunger
a - Sandblast             Erth           ###...       8%          1    #......
b - Passwall              Tmut/Erth      #.......     24%         2    ###....

Your spell library contained the following spells:

 Spells                   Type           Power        Failure   Level  Hunger
 Stone Arrow              Conj/Erth      #.....       50%         3    ###....
 Petrify                  Tmut/Erth      #.......     85%         4    #####..
 Lee's Rapid Deconstruct  Erth           ###.......   91%         5    ######.


Dungeon Overview and Level Annotations

Branches:
Dungeon (2/15)

Altars:


Innate Abilities, Weirdness & Mutations

You are resistant to torment.
Your stone body is resilient. (AC +3)
You are immune to poison.
You resist negative energy. (rN+)
You are resistant to electric shocks. (rElec)
You can survive without breathing.
You are immune to petrification.
You are immune to rotting.


Message History

The worker ant misses you.
You closely miss the worker ant.
The worker ant is almost dead.
The worker ant misses you.
You closely miss the worker ant.
The worker ant is almost dead.
The worker ant closely misses you.
You barely miss the worker ant.
The worker ant is almost dead.
The worker ant bites you. The worker ant closely misses you.
You hit the worker ant but do no damage.
The worker ant is almost dead.
The worker ant bites you.
You barely miss the worker ant.
The worker ant is almost dead.
The worker ant bites you.
You completely miss the worker ant.
The worker ant is almost dead.
The worker ant closely misses you. The worker ant bites you.
You die...

.......)....## *##.[***********
...........#######....,,,,,,,,,,,
#####.####..#.........***********
#.........†...#****
****#...........###
*,,,........†...###
,,**#.####........##
,,,,.,.............#####**
,****,###.#####a@.......,********
,,,,,,,...........<.....,,,,,,,,*
,****,###.########....##*,,,,,,,,
,,,**,**,,* *##### *****,***
,,,,*,,,,** *,,* ,,,,,,,,** **,**
**,,*,,,,** ***** **,,,,*,,*****
***>** **,,,,*,,,,,*** *8,,,8


You could see a worker ant.

Vanquished Creatures
  An adder (D:2)
  A worm (D:2)
  A dart slug (D:2)
  2 bats
  2 giant cockroaches (D:1)
  5 goblins (D:1)
  4 hobgoblins
  7 jackals (D:1)
  6 kobolds
  A frilled lizard (D:1)
  3 rats (D:1)
33 creatures vanquished.

Notes
Turn   | Place    | Note
-------+----------+-------------------------------------------
     0 | D:1      | Knorrr the Gargoyle Earth Elementalist began the quest for
                  | the Orb.
     0 | D:1      | Reached XP level 1. HP: 10/10 MP: 3/3
    33 | D:1      | Noticed a minotaur skeleton
   390 | D:1      | Reached skill level 4 in Earth Magic
   390 | D:1      | Reached XP level 2. HP: 15/15 MP: 1/5
   773 | D:1      | Learned a level 2 spell: Passwall
   957 | D:1      | Reached XP level 3. HP: 19/19 MP: 4/6
  1763 | D:2      | Slain by a worker ant

Skill      XL: |  1  2  3 |
---------------+----------+-----
Earth Magic    | 4 |  4.3
Dodging        | 2 |  2.0
Fighting       | |  0.2
Polearms       | |  0.3
Armour         | |  0.4
Stealth        | |  2.4
Spellcasting   | |  2.6
Transmutations | |  0.8

Action                   || total
-------------------------++-------
Melee: Unarmed           ||     5
       Spear             ||    63
 Cast: Sandblast         ||    49
       Passwall          ||     6
  Use: Scroll            ||     4
       Potion            ||     3
 Stab: Sleeping          ||     1
  Eat: Chunk             ||     2
       Ration            ||     1
Armor: Robe              ||    23
       Leather armour    ||    12
Dodge: Dodged            ||    72
Block: Buckler           ||     7
